 Dungeon Crawl Stone Soup version 0.26.1-11-gd32895ea62 (webtiles) character file.

Game seed: 11773884025638786181

176333 Zeld the Severer (level 17, -2/244 HPs)
             Began as a Minotaur Berserker on May 25, 2021.
             Was a High Priest of Trog.
             Slain by a demonic crawler (4 damage)
             ... on level 2 of the Spider Nest.
             The game lasted 01:14:15 (55520 turns).

Zeld the Severer (Minotaur Berserker)              Turns: 55520, Time: 01:14:16

Health: -2/244     AC:  7    Str: 29    XL:     17   Next: 23%
Magic:  16/16      EV: 19    Int:  4    God:    Trog [*****.]
Gold:   1248       SH:  0    Dex: 10    Spells: 16/16 levels left

rFire    . . .     SeeInvis +   a - +9 battleaxe (vorpal)
rCold    . . .     Faith    .   (shield currently unavailable)
rNeg     . . .     Spirit   .   M - +0 swamp dragon scales
rPois    +         Reflect  +   y - +2 hat {Will+}
rElec    .         Harm     .   (no cloak)
rCorr    .         Rampage  .   c - +0 pair of gloves
Will     ++...                  E - +0 pair of boots
Stlth    ..........             o - amulet of reflection
HPRegen  0.50/turn              g - ring of see invisible
MPRegen  0.15/turn              (no ring)

@: confused, berserking, corroded, very quick
A: retaliatory headbutt, horns 2
}: 1/15 runes: barnacled
a: Renounce Religion, Berserk, Trog's Hand, Brothers in Arms


You were on level 2 of the Spider Nest.
You worshipped Trog.
Trog was extremely pleased with you.
You visited 6 branches of the dungeon, and saw 31 of its levels.
You also visited: Sewer and Volcano.

You collected 3327 gold pieces.
You spent 2079 gold pieces at shops.

Inventory:

Hand Weapons
 a - a +9 vorpal battleaxe (weapon)
 b - a +2 battleaxe of flaming
Armour
 c - a +0 pair of gloves (worn)
 j - a +0 troll leather armour
 r - a +9 plate armour
 y - a +2 hat of willpower (worn)
 E - a +0 pair of boots (worn)
 M - +0 swamp dragon scales (worn)
Jewellery
 g - a ring of see invisible (left hand)
 o - an amulet of reflection (around neck)
Wands
 i - a wand of flame (51)
 s - a wand of acid (32)
 v - a wand of disintegration (6)
 w - a wand of paralysis (16)
 x - a wand of random effects (27)
 D - a wand of polymorph (11)
 G - a wand of iceblast (29)
 J - a wand of enslavement (6)
Scrolls
 d - 5 scrolls of teleportation
 q - 5 scrolls of magic mapping
 u - 10 scrolls of remove curse
 A - a scroll of identify
 B - 2 scrolls of holy word
 K - a scroll of brand weapon
Potions
 e - a potion of invisibility
 f - 2 potions of ambrosia
 h - 12 potions of curing
 k - 7 potions of flight
 m - 5 potions of haste
 n - a potion of magic
 p - a potion of cancellation
 t - a potion of resistance
 z - 10 potions of might
Miscellaneous
 l - a box of beasts
 C - a condenser vane
 F - a lightning rod (4/4)
 H - a condenser vane
 I - a phantom mirror


   Skills:
 * Level 17.9 Fighting
 - Level 20.0 Axes
 - Level 2.4 Armour
 * Level 16.5 Dodging
 * Level 13.1 Evocations


You had 16 spell levels left.
You didn't know any spells.
Your spell library was empty.

Dungeon Overview and Level Annotations

Branches:
Dungeon (15/15)            Temple (1/1) D:5            Lair (6/6) D:11
 Shoals (4/4) Lair:3       Spider (3/4) Lair:4        Slime (0/5) Lair:6
    Orc (2/2) D:9             Elf (0/3) Orc:2        Vaults (0/5) D:14
 Depths (0/5) D:15          Sewer (visited)         Volcano (visited)

Altars:
Ashenzari
Cheibriados
Dithmenos
Elyvilon
Fedhas
Gozag
Hepliaklqana
Kikubaaqudgha
Makhleb
Nemelex Xobeh
Okawaru
Qazlal
Ru
Sif Muna
Trog
Uskayaw
Vehumet
Wu Jian
Xom
Yredelemnul
Zin
The Shining One
Beogh

Shops:
D:5 :   D:13 *[   D:15 ?   Orc:2 =[*([   Shoals:1 [   Shoals:4 !

Annotations:
D:12 exclusion: 4 orange crystal statues
Spider:3 Roxanne


Innate Abilities, Weirdness & Mutations

You reflexively headbutt those who attack you in melee.
You have a pair of horns on your head.


Message History

You kill the redback!
Trog accepts your kill.
You closely miss the entropy weaver. You barely miss the tarantella.
You closely miss the demonic crawler. You slash the wolf spider!
You kill the wolf spider!
Trog accepts your kill. The entropy weaver hits you!
* * * LOW HITPOINT WARNING * * *
The entropy weaver hits you.
* * * LOW HITPOINT WARNING * * *
The entropy weaver hits you!
* * * LOW HITPOINT WARNING * * *
The entropy weaver closely misses you. The tarantella misses you.
The demonic crawler hits you.
* * * LOW HITPOINT WARNING * * *
The demonic crawler completely misses you.
The demonic crawler closely misses you. The demonic crawler hits you!
* * * LOW HITPOINT WARNING * * *
The demonic crawler hits you.
You die...

....#.#.....##...##.......#
......#.....#.....#...)..##
......#.................##
....^##.................#
....##..................#
^...#..................##
......................###
...............s.s......##
...............B@†...(...#
............^##.†s......##
..............#...^..#..#
.............?###########
...........[..##..##
)..............#...#
..............##..###
.............##...#.#####
.................##..^..#


You could see an entropy weaver, 2 demonic crawlers and a tarantella.

Vanquished Creatures
  Arachne (Spider:1)
  A kraken (Shoals:2)
  Gastronok (D:9)
  Polyphemus (Shoals:2)
  Donald (Spider:2)
  Kirke (D:14)
  An emperor scorpion (Spider:1)
  The ghost of Befuwnopp the Grappler, a journeyman TrHu of Cheibriados (Lair:3)
  Azrael (D:14)
  3 merfolk javelineers (Shoals:4)
  4 merfolk impalers (Shoals:4)
  5 hydras
  6 merfolk avatars
  3 boulder beetles
  The ghost of phalm the Destroyer, a journeyman GnCj of Cheibriados (D:7)
  4 catoblepae
  5 death yaks
  5 two-headed ogres
  3 centaur warriors
  3 satyrs
  An alligator snapping turtle (Shoals:4)
  An orc high priest (Orc:2)
  Nergalle (Lair:2)
  A hell knight (Volcano)
  A storm dragon zombie (D:15)
  2 skeletal warriors
  14 sea snakes
  An unseen horror (D:12)
  2 wizards (D:14)
  A flayed ghost (D:15)
  A golden dragon zombie (D:15)
  A kraken simulacrum (Shoals:4)
  Pikel (D:7)
  A necromancer (D:15)
  5 orc knights
  10 harpies
  A frost giant zombie (D:15)
  A deep elf mage (D:13)
  6 orb spiders
  5 wolf spiders
  2 orc sorcerers (Orc:2)
  7 fauns
  A wolf spider zombie (D:15)
  7 ugly things
  2 oklob plants (D:11)
  17 manticores
  2 cyclopes
  A guardian serpent (shapeshifter) (D:12)
  A centaur zombie (D:13)
  14 elephants
  7 water nymphs
  3 black mambas
  A fire giant skeleton (D:15)
  A smoke demon (Volcano)
  2 molten gargoyles (Volcano)
  10 merfolk sirens
  A torpor snail (Lair:5)
  13 cane toads
  2 efreet
  Maggie (D:9)
  A kobold demonologist (D:7)
  A gargoyle (D:14)
  14 komodo dragons
  A yaktaur (D:12)
  A freezing wraith (D:14)
  4 rime drakes
  8 demonic crawlers
  13 merfolk
  2 jumping spiders (Spider:1)
  5 trolls
  7 polar bears
  6 wind drakes
  Prince Ribbit (D:9)
  33 blink frogs
  13 slime creatures
  9 snapping turtles
  8 hornets
  10 dream sheep
  2 shadows
  2 spriggans
  3 wraiths
  18 redbacks
  7 wyverns
  A vampire (D:11)
  2 water elementals (Shoals:2)
  3 hogs (D:14)
  28 yaks
  5 fire bats (Volcano)
  14 tarantellas
  7 vampire mosquitoes
  A steam dragon (Lair:4)
  6 wargs
  A soldier ant (shapeshifter) (D:13)
  A two-headed ogre zombie (D:9)
  18 water moccasins
  A floating eye (shapeshifter) (D:14)
  7 hell hounds
  4 sky beasts
  7 black bears
  6 ice beasts
  29 orc warriors
  4 eyes of draining
  2 necrophages
  12 ogres
  3 phantoms
  3 wolves (Lair:3)
  13 centaurs
  A lemure (D:7)
  8 big kobolds
  15 bullfrogs
  A wyvern zombie (D:14)
  6 scorpions
  A water moccasin skeleton (D:6)
  2 troll zombies (D:9)
  A killer bee (shapeshifter) (D:12)
  9 killer bees
  5 wights (D:14)
  5 howler monkeys
  2 bullfrog zombies
  5 lava snakes (Volcano)
  4 bullfrog skeletons
  4 centaur skeletons
  4 hounds
  6 jellies
  A quasit (D:12)
  23 orc priests
  38 orc wizards
  4 iguanas
  Terence (D:3)
  12 worker ants
  2 killer bee zombies
  5 ogre zombies (D:9)
  A hound zombie (D:9)
  A hound skeleton (D:7)
  A howler monkey zombie (D:7)
  3 gnolls (D:2)
  14 adders
  2 white imps
  2 ufetubi
  2 oozes
  An adder zombie (D:8)
  6 worms
  A dart slug (D:1)
  4 leopard geckos
  114 orcs
  2 ball pythons (D:1)
  10 bats
  14 giant cockroaches
  8 goblins
  11 hobgoblins
  8 jackals
  7 quokkas
  2 frilled lizards
  2 goblin skeletons (D:9)
  2 goblin zombies (D:9)
  3 hobgoblin zombies (D:9)
  17 kobolds
  A leopard gecko zombie (D:8)
  3 orc skeletons (D:9)
  15 orc zombies (D:9)
  A quokka skeleton (D:4)
  12 rats
  A bush (Lair:6)
  2 tentacles (Shoals:2)
988 creatures vanquished.

Vanquished Creatures (collateral kills)
  2 krakens
  An orc warlord (Orc:1)
  A merfolk javelineer (Shoals:3)
  A merfolk avatar (Lair:6)
  A two-headed ogre (D:8)
  The ghost of buriedalive the Nimble, a novice DEIE of Ashenzari (D:8)
  An orc knight (Orc:1)
  A cyclops (Shoals:2)
  A water nymph (Shoals:3)
  3 merfolk (Shoals:3)
  A warg (Orc:1)
  An orc warrior (D:6)
  2 centaurs
  2 worker ants (D:8)
  An ufetubus (D:7)
  2 tentacles (Shoals:1)
22 creatures vanquished.

Vanquished Creatures (others)
  A wolf spider (Spider:2)
  A hound (D:14)
  A quokka (D:9)
  29 fungi
  213 plants
  21 tentacles
  3 withered plants (D:15)
269 creatures vanquished.

Grand Total: 1279 creatures vanquished

Notes
Turn   | Place    | Note
-------+----------+-------------------------------------------
     0 | D:1      | Zeld the Minotaur Berserker began the quest for the Orb.
     0 | D:1      | Reached XP level 1. HP: 19/19 MP: 0/0
   143 | D:1      | Reached skill level 4 in Axes
   479 | D:1      | Reached XP level 2. HP: 20/26 MP: 1/1
   989 | D:1      | Reached skill level 5 in Axes
  1242 | D:1      | Reached XP level 3. HP: 31/31 MP: 2/2
  1458 | D:2      | Reached ** piety under Trog
  1890 | D:2      | Reached skill level 6 in Axes
  1890 | D:2      | Reached XP level 4. HP: 35/39 MP: 3/3
  2909 | D:3      | Reached skill level 7 in Axes
  2909 | D:3      | Reached XP level 5. HP: 45/45 MP: 4/4
  3003 | D:3      | Noticed Terence
  3010 | D:3      | Killed Terence
  3296 | D:3      | Reached *** piety under Trog
  3753 | D:4      | Reached skill level 8 in Axes
  3916 | D:3      | Found a basalt altar of Yredelemnul.
  3961 | D:4      | Reached XP level 6. HP: 51/51 MP: 5/5
  4465 | D:5      | Entered Level 5 of the Dungeon
  4513 | D:5      | Found Tulafon's Book Boutique.
  4532 | D:5      | Noticed an ice beast
  4555 | D:5      | Killed an ice beast
  4556 | D:5      | Reached skill level 9 in Axes
  4563 | D:5      | Reached XP level 7. HP: 48/57 MP: 6/6
  4688 | D:5      | Reached skill level 10 in Axes
  5046 | D:5      | Identified the +3 leather armour of Bauneu {Int+6}
  5221 | D:5      | Reached skill level 11 in Axes
  5225 | D:5      | Found a hide-covered altar of Uskayaw.
  5266 | D:5      | Noticed a +0 dagger
  5266 | D:5      | Noticed a +0 hand axe
  5352 | D:5      | Found a staircase to the Ecumenical Temple.
  5371 | Temple   | Entered the Ecumenical Temple
  5582 | D:5      | Reached XP level 8. HP: 64/64 MP: 7/7
  5688 | D:5      | Reached **** piety under Trog
  6015 | D:6      | Reached skill level 12 in Axes
  6030 | D:6      | Found a glowing drain.
  6054 | Sewer    | Entered a sewer
  6630 | D:6      | Reached skill level 13 in Axes
  7451 | D:7      | Reached XP level 9. HP: 70/70 MP: 8/8
  7662 | D:7      | Reached skill level 14 in Axes
  7749 | D:7      | Found a glowing golden altar of the Shining One.
  7879 | D:7      | Found a runed translucent gate.
  7880 | D:7      | Found a runed translucent gate.
  7880 | D:7      | Found a runed translucent gate.
  7880 | D:7      | Noticed phalm's ghost (journeyman GnCj)
  7880 | D:7      | Identified the +2 dagger of Paper {drain, Will+}
  7882 | D:7      | Noticed a kobold demonologist
  7943 | D:7      | Reached skill level 5 in Fighting
  8649 | D:7      | Killed a kobold demonologist
  8650 | D:7      | Reached skill level 5 in Dodging
  9191 | D:7      | Killed phalm's ghost
  9297 | D:7      | Noticed Pikel
  9313 | D:7      | Killed Pikel
  9314 | D:7      | Reached XP level 10. HP: 88/88 MP: 9/9
  9516 | D:7      | Found a bloodstained altar of Trog.
  9517 | D:7      | Found a burning altar of Makhleb.
  9791 | D:8      | Noticed a two-headed ogre
  9808 | D:8      | Killed a two-headed ogre
  9809 | D:8      | Reached skill level 1 in Evocations
  9820 | D:8      | Found a snail-covered altar of Cheibriados.
 10781 | D:8      | Found a runed translucent door.
 10926 | D:8      | Noticed buriedalive's ghost (novice DEIE)
 10930 | D:8      | Identified the cursed +1 spear "Lifebane" {speed, +Inv
                  | rPois rF++ rC-}
 11256 | D:8      | Killed buriedalive's ghost
 11611 | D:9      | Found a staircase to the Orcish Mines.
 11876 | D:9      | Reached skill level 10 in Fighting
 12086 | D:9      | Found a white marble altar of Elyvilon.
 12120 | D:9      | Found a shadowy altar of Dithmenos.
 12239 | D:9      | Reached ***** piety under Trog
 12323 | D:9      | Reached XP level 11. HP: 99/99 MP: 10/10
 12327 | D:9      | Received a gift from Trog
 12352 | D:9      | Noticed Prince Ribbit
 12359 | D:9      | Killed Prince Ribbit
 12441 | D:9      | Noticed Gastronok
 12453 | D:9      | Killed Gastronok
 12654 | D:9      | Reached skill level 15 in Axes
 12675 | D:9      | Noticed Maggie
 12679 | D:9      | Killed Maggie
 12816 | Orc:1    | Entered Level 1 of the Orcish Mines
 12844 | Orc:1    | Noticed an orc knight
 13363 | Orc:1    | Killed an orc knight
 13485 | Orc:1    | Noticed an orc knight
 13737 | D:9      | Killed an orc knight
 14030 | Orc:1    | Reached skill level 16 in Axes
 14427 | Orc:1    | Received a gift from Trog
 14537 | Orc:1    | Found a roughly hewn altar of Beogh.
 14603 | Orc:2    | Entered Level 2 of the Orcish Mines
 14603 | Orc:2    | Noticed an orc knight
 14928 | Orc:1    | Killed an orc knight
 15191 | Orc:2    | Found Eben Ypt's Armour Shoppe.
 15323 | Orc:2    | Noticed an orc knight
 15325 | Orc:2    | Reached skill level 5 in Evocations
 15545 | Orc:2    | Noticed an orc knight
 15583 | Orc:1    | Killed an orc knight
 15878 | Orc:2    | Noticed an orc sorcerer
 15887 | Orc:2    | Noticed an orc high priest
 15898 | Orc:2    | Killed an orc sorcerer
 15899 | Orc:2    | Reached XP level 12. HP: 102/110 MP: 11/11
 15909 | Orc:2    | Noticed an orc warlord
 16148 | Orc:2    | Reached skill level 10 in Dodging
 16492 | Orc:2    | Found a roughly hewn altar of Beogh.
 16537 | Orc:1    | Received a gift from Trog
 17283 | Orc:2    | Killed an orc high priest
 17719 | Orc:1    | Killed an orc warlord
 18433 | Orc:2    | Paralysed by an orc sorcerer for 4 turns
 18567 | Orc:2    | Found Giqor's Antique Weapon Boutique.
 18647 | Orc:2    | Found Koaqib's Antique Armour Boutique.
 18658 | Orc:2    | Bought a pair of boots for 112 gold pieces
 18721 | Orc:2    | Found a staircase to the Elven Halls.
 18825 | Orc:2    | Found Qagommy's General Store.
 18832 | Orc:2    | Bought a scroll of enchant weapon for 112 gold pieces
 18832 | Orc:2    | Bought a scroll of enchant armour for 112 gold pieces
 18832 | Orc:2    | Bought a scroll of fear for 52 gold pieces
 18832 | Orc:2    | Bought a condenser vane for 600 gold pieces
 18845 | Orc:2    | Found Taujetiv's Jewellery Boutique.
 18987 | D:10     | Entered Level 10 of the Dungeon
 20130 | D:11     | Noticed a four-headed hydra
 20138 | D:11     | Killed a four-headed hydra
 20737 | D:11     | Reached skill level 17 in Axes
 20914 | D:11     | Found a staircase to the Lair.
 21496 | D:12     | Found the +10 tower shield of Ignorance {rN+ Int-4}
 21505 | D:12     | Found a runed translucent door.
 22177 | D:12     | Found a runed translucent door.
 22344 | D:12     | Noticed a boulder beetle
 22363 | D:12     | Killed a boulder beetle
 22685 | D:12     | Found the amulet of the Air {Inacc +Fly rElec EV+5 RMsl}
 22685 | D:12     | Noticed a centaur warrior
 22686 | D:12     | Found a runed translucent door.
 22695 | D:12     | Noticed an anaconda
 22695 | D:12     | a merfolk changed into an anaconda
 22697 | D:12     | Noticed an alligator
 22697 | D:12     | an anaconda changed into an alligator
 22699 | D:12     | an alligator changed into a slime creature
 22825 | D:12     | Reached XP level 13. HP: 118/118 MP: 12/12
 22931 | D:12     | Reached skill level 18 in Axes
 23272 | D:12     | Got a pitted iron amulet
 23286 | D:12     | Identified the amulet of Oczius {Spirit *Drain Str+5 Int+6}
                  | (You found it on level 12 of the Dungeon)
 23346 | D:13     | Found Izapyig's Armour Shop.
 23565 | D:13     | Received a gift from Trog
 23773 | D:13     | Reached skill level 19 in Axes
 23859 | D:13     | Found Meish's Assorted Antiques.
 23865 | D:13     | Bought a wand of acid (8) for 256 gold pieces
 23865 | D:13     | Bought a scroll of identify for 64 gold pieces
 23865 | D:13     | Bought a scroll of identify for 64 gold pieces
 23865 | D:13     | Bought a clear potion for 28 gold pieces
 23865 | D:13     | Bought a red potion for 28 gold pieces
 25009 | D:14     | Noticed Azrael
 25380 | D:14     | Noticed Kirke
 25389 | D:14     | Killed Kirke
 25709 | D:14     | Reached skill level 20 in Axes
 26109 | D:14     | Killed Azrael
 26369 | D:14     | Found a gate to the Vaults.
 26371 | D:14     | Paralysed by a wizard for 6 turns
 27110 | D:15     | Entered Level 15 of the Dungeon
 27432 | D:15     | Reached XP level 14. HP: 101/127 MP: 13/13
 27916 | D:15     | Found a staircase to the Depths.
 29268 | D:15     | Found a snail-covered altar of Cheibriados.
 29340 | D:15     | Found Nushran's Magic Scroll Shoppe.
 29349 | D:15     | Bought a scroll of identify for 28 gold pieces
 29349 | D:15     | Bought a scroll of enchant armour for 105 gold pieces
 29349 | D:15     | Bought a scroll of magic mapping for 49 gold pieces
 29349 | D:15     | Bought a scroll of magic mapping for 49 gold pieces
 30843 | Lair:1   | Entered Level 1 of the Lair of Beasts
 31066 | Lair:1   | You fall into a shaft and drop 1 floor!
 31072 | Lair:2   | Received a gift from Trog
 31255 | Lair:2   | Noticed Nergalle
 31265 | Lair:2   | Killed Nergalle
 32352 | Lair:3   | Noticed Befuwnopp's ghost (journeyman TrHu)
 32356 | Lair:3   | Found a runed translucent door.
 32381 | Lair:3   | Killed Befuwnopp's ghost
 32505 | Lair:3   | Found a staircase to the Shoals.
 32914 | Lair:3   | Found an ornate altar of the Wu Jian Council.
 33426 | Lair:4   | Found a hole to the Spider Nest.
 34128 | Lair:4   | Reached XP level 15. HP: 80/139 MP: 14/14
 35138 | Lair:5   | Received a gift from Trog
 35486 | Lair:5   | Reached skill level 10 in Evocations
 36411 | Lair:6   | Entered Level 6 of the Lair of Beasts
 36451 | Lair:6   | Reached skill level 15 in Fighting
 36467 | Lair:6   | Found a staircase to the Slime Pits.
 36518 | Lair:6   | Found a dark tunnel.
 36661 | Volcano  | Entered a volcano
 37231 | Volcano  | Found a burning altar of Makhleb.
 37239 | Volcano  | Received a gift from Trog
 38941 | Shoals:1 | Entered Level 1 of the Shoals
 39241 | Shoals:1 | Found Weavu's Armour Shoppe.
 40248 | Shoals:1 | Noticed a kraken
 40852 | Shoals:1 | Found Weavu's Armour Shoppe.
 40932 | Shoals:1 | Killed a kraken
 40933 | Shoals:1 | Reached XP level 16. HP: 151/151 MP: 15/15
 42207 | Shoals:2 | Received a gift from Trog
 42549 | Shoals:2 | Noticed Polyphemus
 42619 | Shoals:2 | Reached skill level 15 in Dodging
 42727 | Shoals:2 | Killed Polyphemus
 43033 | Shoals:2 | Noticed a kraken
 43052 | Shoals:2 | Killed a kraken
 43756 | Shoals:3 | Got a polished war axe
 43757 | Shoals:3 | Identified the cursed +2 war axe of Embarrassment {drain,
                  | rPois} (You found it on level 3 of the Shoals)
 43828 | Shoals:3 | HP: 7/152 [drowned by a water nymph (11)]
 45011 | Shoals:4 | Entered Level 4 of the Shoals
 45255 | Shoals:4 | Identified the Almanac of Flying Necromancy
 45280 | Shoals:4 | Noticed a kraken
 45289 | Shoals:4 | Killed a kraken
 45671 | Shoals:4 | Found Elaixait's Distillery.
 45717 | Shoals:4 | Bought a potion of haste for 120 gold pieces
 45717 | Shoals:4 | Bought a potion of heal wounds for 60 gold pieces
 45717 | Shoals:4 | Bought a potion of flight for 36 gold pieces
 45717 | Shoals:4 | Bought a potion of heal wounds for 60 gold pieces
 45717 | Shoals:4 | Bought a potion of curing for 36 gold pieces
 45717 | Shoals:4 | Bought a potion of berserk rage for 60 gold pieces
 45717 | Shoals:4 | Bought a potion of brilliance for 48 gold pieces
 47781 | Shoals:4 | Got a barnacled rune of Zot
 48218 | Shoals:4 | Identified the +10 broad axe of Zadghewi {drain, *Rage rF+
                  | rC+ Str+7 Dex-4}
 48226 | Shoals:4 | Received a gift from Trog
 50140 | Spider:1 | Entered Level 1 of the Spider Nest
 51270 | Spider:1 | Reached XP level 17. HP: 110/162 MP: 16/16
 51747 | Spider:2 | Noticed Arachne
 52054 | Spider:1 | Killed Arachne
 54213 | Spider:3 | Identified Roxanne's Collected Works on Clay
 54213 | Spider:3 | Noticed Roxanne
 54566 | Spider:3 | Noticed Donald
 54704 | Spider:2 | Killed Donald
 55520 | Spider:2 | HP: 10/244 [demonic crawler (6)]
 55520 | Spider:2 | HP: 2/244 [demonic crawler (8)]
 55520 | Spider:2 | Slain by a demonic crawler

Illustrated notes

Levels and vault maps discovered:
D:1:      nzn_arrival_settlement, layout_basic, chequers_serial_rivers_large_a,
          chequers_serial_rivers_small_3
D:2:      layout_loops_ring
D:3:      layout_loops_ring, nicolae_overflow_hidden_temple,
          corexii_hall_statues_deadend, corexii_shack, uniq_terence
D:4:      layout_loops_ring
D:5:      layout_basic, dancing_weapons_uskayaw, minmay_temple_entry_offerings,
          serial_aquarium, aquarium_bridge_straight [aquarium_subvault_bridge,
          aquarium_subvault_wall, aquarium_subvault_bridge,
          aquarium_subvault_wall], aquarium_window_corner, aquarium_window_2,
          aquarium_view_2a, aquarium_pool_split, serial_shops, shop
D:6:      layout_basic, portal_sewer_entry_f
D:7:      layout_basic, gammafunk_temple_overflow_statue,
          gammafunk_ghost_nasty_kobolds, tso_metal_star, uniq_pikel
D:8:      layout_loops_ring, slow_altar_1, ebering_ghost_funeral_grove
D:9:      layout_loops_ring, grunt_dithmenos_smoke, zombieorc2_lemuel,
          grunt_ministairs_14, elyvilon_altar_4, uniq_gastronok,
          uniq_prince_ribbit1, uniq_maggie
D:10:     layout_basic, corexii_leaking_fountain
D:11:     layout_irregular_city, dpeg_oklobed_lair
D:12:     layout_loops_ring, minmay_st_funbox, chequers_guarded_unrand_ignorance
D:13:     layout_cave_pools, serial_shops, shop, nicolae_shop_overgrown_old_shop
D:14:     layout_irregular_city, david_vaults_1, serial_co_window_serial,
          co_window_paths_a, co_window_corner_a, co_window_paths_a,
          co_window_paths_b, co_window_of_opportunity_a, co_window_paths_b,
          co_window_2corner, co_window_unsneaky_path_c, co_window_corner_cb,
          co_window_4corner_b, co_window_paths_e, glass_columns_b,
          glass_columns_a, glass_columns_a, drop_trap, lemuel_nasty_fountain,
          uniq_azrael, uniq_kirke
D:15:     gammafunk_depths_entry_grave, layout_long_grid, serial_shops,
          nicolae_shop_temple_entry_statues_fountains, basic_altar
Temple:   eino_temple_rhombus
Lair:1:   layout_misc_corridors
Lair:2:   layout_chaotic_city, st_stairs_10, lemuel_fruit_tree,
          lemuel_fruit_fields, uniq_nergalle
Lair:3:   layout_gridlike, shoals_dummy_entry, hellmonk_ghost_happy_afterlife,
          basic_altar, serial_bayou_shore_a
Lair:4:   layout_regular_city, nicolae_spider_entry_orb_guardian,
          fungi_pond_lemuel
Lair:5:   layout_small_grid
Lair:6:   gammafunk_lair_ancient_temple, layout_big_grid,
          minmay_slime_entry_pillars, serial_forest,
          infiniplex_forest_clump_double, infiniplex_forest_pool,
          infiniplex_forest_fountain, infiniplex_forest_straight_4,
          infiniplex_forest_corner_1, infiniplex_forest_straight_2,
          infiniplex_forest_corner_1, infiniplex_forest_straight_2,
          enter_volcano_1
Shoals:1: layout_shoals, serial_shops, shop
Shoals:2: layout_shoals, ldierk_geyser, uniq_polyphemus
Shoals:3: layout_shoals, nicolae_shoals_square_sea_wall
Shoals:4: shoals_end_grunt_ice, layout_shoals, serial_shops, nicolae_shop_stone,
          nicolae_shoals_kraken_intersection
Spider:1: layout_spider_delve
Spider:2: layout_spider_delve, uniq_arachne
Spider:3: gammafunk_boulding_lane, uniq_donald, uniq_roxanne, uniq_asterion
Orc:1:    layout_caves, basic_altar
Orc:2:    grunt_orc_cross, layout_caves, serial_shops, shop

Skill      XL: |  1  2  3  4  5  6  7  8  9 10 11 12 13 14 15 16 17 |
---------------+----------------------------------------------------+-----
Axes           | 4 5 6 7 8 9 11 13 14 16 17 20 | 20.0
Fighting       | 8 10 11 12 14 16 17 | 17.9
Dodging        | 7 9 10 11 13 14 16 | 16.5
Evocations     | 4 5 6 7 9 11 12 13 | 13.1
Armour         | |  2.4

Action                   |  1- 3 |  4- 6 |  7- 9 | 10-12 | 13-15 | 16-18 || total
-------------------------+-------+-------+-------+-------+-------+-------++-------
Melee: Hand axe          |    61 |   164 |   320 |   285 |       |       ||   830
       Headbutt          |     6 |    32 |    74 |   145 |   206 |   114 ||   577
       War axe           |       |       |       |   278 |       |       ||   278
       Battleaxe         |       |       |       |   215 |   920 |   531 ||  1666
       Broad axe         |       |       |       |       |       |    10 ||    10
Invok: Berserk           |     2 |     3 |    11 |    17 |    12 |     6 ||    51
       Trog's Hand       |     1 |       |     2 |     2 |       |     2 ||     7
       Brothers in Arms  |       |       |     3 |     6 |     4 |     3 ||    16
Evoke: Wand              |       |       |       |     9 |     9 |    16 ||    34
       Condenser vane    |       |       |       |       |     2 |       ||     2
       Phantom mirror    |       |       |       |       |     1 |       ||     1
       Box of beasts     |       |       |       |       |       |     1 ||     1
  Use: Scroll            |       |       |    14 |    18 |    25 |    11 ||    68
       Potion            |       |       |       |       |     7 |    12 ||    19
 Stab: Sleeping          |     1 |       |       |       |       |       ||     1
       Distracted        |       |       |     1 |       |       |       ||     1
       Paralysed         |       |       |       |     4 |     6 |     7 ||    17
       Petrified         |       |       |       |       |       |     3 ||     3
Armor: Plate armour      |       |    39 |   118 |   258 |   434 |   207 ||  1056
       Swamp dragon scal |       |       |       |       |       |    66 ||    66
Dodge: Dodged            |    43 |    67 |    80 |   228 |   386 |   396 ||  1200
Block: Other             |       |       |    21 |   121 |   185 |   124 ||   451
       Reflection        |       |       |     3 |     6 |    10 |     7 ||    26
